 Dungeon Crawl Stone Soup version 0.32-a0-120-gfac0567ad4 (webtiles) character file.

Game seed: 5574946479150856423

7918 Daunt the Cleaver (level 11, -9/97 HPs)
             Began as a Minotaur Chaos Knight on Feb 5, 2024.
             Was a Plaything of Xom.
             Mangled by a quicksilver ooze (shapeshifter) (11 damage)
             ... on level 9 of the Dungeon on Feb 6, 2024.
             The game lasted 00:56:33 (9926 turns).

Daunt the Cleaver (Minotaur Chaos Knight)           Turns: 9926, Time: 00:56:34

Health: -9/97      AC:  8    Str: 22    XL:     11   Next: 3%
Magic:  0/19       EV: 11    Int: 10    God:    Xom [....*.]
Gold:   147        SH:  9    Dex:  9    Spells: 10/10 levels left

rFire   + . .        a - +11 flail of Vyorph {elec, rElec rPois rF+ Int+3}
rCold   . . .        S - +0 kite shield {rN+}
rNeg    + + .        k - +2 leather armour
rPois   +            (helmet unavailable)
rElec   +            j - +1 cloak
rCorr   .            (no gloves)
SInv    .            z - +1 pair of boots {Fly}
Will    .....        K - amulet of guardian spirit
Stlth   +            y - ring of positive energy
HPRegen 0.36/turn    J - ring of magical power
MPRegen 0.16/turn

%: guardian spirit
@: flying
A: horns 3, retaliatory headbutt, talons 1, deformed body, dopey 1, screaming 1,
inability to drink after injury 1, inability to read after injury 1
a: Renounce Religion


You were on level 9 of the Dungeon.
You worshipped Xom.
You were a beloved toy of Xom.
You visited 1 branch of the dungeon, and saw 9 of its levels.
You also visited: Sewer, Ossuary and Bailey.

You collected 1588 gold pieces.
You spent 1441 gold pieces at shops.

Inventory:

Hand Weapons
 a - the +11 flail of Vyorph (weapon) {elec, rElec rPois rF+ Int+3}
   (You bought it in a shop on level 6 of the Dungeon)

   Int+3:     It affects your intelligence (+3).
   rF+:       It protects you from fire.
   rElec:     It insulates you from electricity.
   rPois:     It protects you from poison
 b - a +0 war axe of chaos
 G - a +0 sling
Missiles
 h - 64 stones
 m - 36 boomerangs
 v - 4 darts of dispersal
 N - a throwing net
 Q - 20 poisoned darts (quivered)
Armour
 i - a +0 leather armour of fire resistance
 j - a +1 cloak (worn)
 k - a +2 leather armour (worn)
 u - a +0 chain mail
 z - a +1 pair of boots of flying (worn)
 H - a +0 plate armour
 S - a +0 kite shield of positive energy (worn)
Jewellery
 p - a ring of wizardry
 y - a ring of positive energy (left hand)
 J - a ring of magical power (right hand)
 K - an amulet of guardian spirit (around neck)
 M - an amulet of reflection
Wands
 D - a wand of digging (10)
 E - a wand of polymorph (9)
 F - a wand of flame (13)
Scrolls
 c - 2 scrolls of butterflies
 e - 3 scrolls of revelation
 f - 6 scrolls of teleportation
 l - a scroll of silence
 n - 6 scrolls of enchant armour
 r - 3 scrolls of fear
 s - 2 scrolls of enchant weapon
 t - 2 scrolls of immolation
 w - 3 scrolls of vulnerability
 x - 2 scrolls of blinking
Potions
 d - 7 potions of enlightenment
 g - a potion of mutation
 o - 2 potions of attraction
 q - 2 potions of haste
 A - 3 potions of curing
 B - a potion of invisibility
 C - 6 potions of brilliance
 I - a potion of heal wounds
 L - a potion of cancellation
 O - 3 potions of lignification
 R - a potion of resistance
 T - a potion of ambrosia


   Skills:
 - Level 9.0 Fighting
 - Level 13.2(14.2) Axes
 - Level 8.6(12.0) Maces & Flails
 + Level 5.2 Armour
 + Level 4.2 Dodging
 - Level 8.0 Shields


You had 10 spell levels left.
You didn't know any spells.
Your spell library contained the following spells:

 Spells                   Type           Power      Damage    Failure   Level
 Fugue of the Fallen      Necr           0%         N/A       94%         3
 Ozocubu's Armour         Ice            0%         N/A       94%         3
 Manifold Assault         Tloc           0%         N/A       100%        4
 Summon Blazeheart Golem  Fire/Summ      0%         N/A       100%        4
 Orb of Destruction       Conj           0%         9d5       100%        7
 Spellforged Servitor     Conj/Summ      0%         N/A       100%        7


Dungeon Overview and Level Annotations

Branches:
Dungeon (9/15) Zot: 24839  Temple (0/1) D:6            Lair (0/5) D:8
    Orc (0/2) D:9           Sewer (visited)         Ossuary (visited)
 Bailey (visited)

Altars:
Cheibriados
Fedhas
Gozag
Kikubaaqudgha
Nemelex Xobeh
Sif Muna
Trog
Uskayaw
Xom
The Shining One

Shops:
D:6 *=[!*   D:8 !

Annotations:
D:9 2 transporters, bakla's ghost, novice HuEE


Innate Abilities, Weirdness & Mutations

You have a pair of large horns on your head.
You reflexively headbutt those who attack you in melee.
You have sharp toenails.
Armour fits poorly on your strangely shaped body.
You are dopey. (Int -2)
You occasionally shout uncontrollably at your foes.
You occasionally lose the ability to drink potions when taking damage.
You occasionally lose the ability to read scrolls when taking damage.


Message History

Your lungs strain for air!
The quicksilver ooze barely misses you.
You block the quicksilver ooze's attack.
Unknown command.
Unknown command.
You hit the quicksilver ooze.
Your headbutt misses the quicksilver ooze.
The quicksilver ooze is almost dead.
Your lungs strain for air!
The quicksilver ooze hits you! The quicksilver ooze barely misses you.
The quicksilver ooze hits you!
* * * LOW HITPOINT WARNING * * *
The quicksilver ooze hits you.
* * * LOW HITPOINT WARNING * * *
You feel your power leaking away.
Unknown command.
Unknown command.
The ooze engulfing you falls away.
You gasp with relief as air once again reaches your lungs.
The quicksilver ooze attacks as it pursues you!
The quicksilver ooze hits you.
* * * LOW HITPOINT WARNING * * *
The quicksilver ooze engulfs you! The quicksilver ooze hits you!
* * * LOW HITPOINT WARNING * * *
Unknown command.
Unknown command.
The ooze engulfing you falls away.
You gasp with relief as air once again reaches your lungs.
The quicksilver ooze hits you. The quicksilver ooze engulfs you!
The quicksilver ooze hits you!
* * * LOW HITPOINT WARNING * * *
You see here a +0 scale mail.
Unknown command.
The ooze engulfing you falls away.
You gasp with relief as air once again reaches your lungs.
The quicksilver ooze attacks as it pursues you!
You block the quicksilver ooze's attack.
The quicksilver ooze hits you!
You die...
Xom roars with laughter!

#.####...# #..#...##..# #.......
#)# #...# #..#...##..# #...##..
#J# #...# #..#...##..# #...#...
#)# #...# #..#...##..# #...#...
#.# #...# #..#...##..# #..?#.≈≈
#.# #...# #..#...##..# #...#.≈.
#.# #...# #..#...##..# #...#.≈>
#.# #...###..#...##..###...#.≈.
#.####(.......#@..##..........≈≈
#.............J.................
################################


You could see a quicksilver ooze.

Vanquished Creatures
  A two-headed ogre (D:7)
  An orc knight (Bailey)
  A moth of wrath (D:7)
  A hornet (D:9)
  Grinder (D:6)
  A shadow (D:9)
  A wyvern (D:8)
  A wraith (D:8)
  11 yaks
  A steam dragon (D:8)
  Edmund (D:6)
  A swamp worm (D:7)
  A water moccasin (D:9)
  3 black bears
  7 orc warriors
  3 ogres
  2 centaurs
  2 phantoms
  A kobold brigand (D:9)
  6 bullfrogs
  3 scorpions
  15 killer bees
  2 howler monkeys
  A jelly (D:6)
  3 hounds
  2 bombardier beetles
  3 orc priests
  A sleepcap (D:6)
  2 iguanas
  4 orc wizards (D:5)
  Terence (D:2)
  8 mummies (Ossuary)
  6 adders
  2 gnolls (Bailey)
  7 river rats (Sewer)
  3 white imps (D:8)
  2 ufetubi (D:5)
  A dart slug (Sewer)
  3 ribbon worms
  16 orcs
  2 endoplasms
  A giant cockroach (D:2)
  12 goblins
  5 hobgoblins
  22 kobolds
  2 quokkas (D:4)
  13 ball pythons
  2 bats
  6 frilled lizards
  4 hobgoblin zombies (Ossuary)
  3 kobold zombies (Ossuary)
  An orc zombie (Ossuary)
  12 rats
217 creatures vanquished.

Vanquished Creatures (collateral kills)
  A bullfrog (Sewer)
  An endoplasm (Sewer)
  A ball python (Sewer)
3 creatures vanquished.

Vanquished Creatures (others)
  A basilisk (D:8)
1 creature vanquished.

Grand Total: 221 creatures vanquished

Notes
Turn   | Place    | Note
-------+----------+-------------------------------------------
     0 | D:1      | Daunt the Minotaur Chaos Knight began the quest for the
                  | Orb.
     0 | D:1      | Reached XP level 1. HP: 19/19 MP: 0/0
   167 | D:1      | XOM: silly message
   200 | D:1      | Reached skill level 4 in Axes
   576 | D:1      | XOM is BORED!
   576 | D:1      | XOM: silly message
   677 | D:2      | Reached XP level 2. HP: 27/27 MP: 1/1
   904 | D:2      | XOM: summons 1 hostile demon
   920 | D:2      | Noticed Terence
   931 | D:2      | Killed Terence
   932 | D:2      | Reached XP level 3. HP: 25/33 MP: 2/2
   982 | D:2      | Reached skill level 5 in Axes
  1937 | D:4      | XOM: noise
  1962 | D:4      | Noticed a scorpion
  1974 | D:4      | Killed a scorpion
  1975 | D:4      | Reached XP level 4. HP: 24/41 MP: 3/3
  2014 | D:5      | Entered Level 5 of the Dungeon
  2033 | D:4      | Noticed a black bear
  2045 | D:4      | Killed a black bear
  2046 | D:4      | Reached skill level 5 in Fighting
  2046 | D:4      | Reached skill level 6 in Axes
  2046 | D:4      | Reached XP level 5. HP: 16/48 MP: 4/4
  2095 | D:4      | XOM: scenery: create altars
  2163 | D:4      | Found a glowing drain.
  2167 | Sewer    | Entered a sewer
  2221 | Sewer    | Reached XP level 6. HP: 49/56 MP: 5/5
  2246 | Sewer    | Reached skill level 7 in Axes
  2549 | Sewer    | XOM: polymorph adder -> dart slug
  2585 | Sewer    | XOM: draining
  2880 | D:4      | Reached skill level 8 in Axes
  2935 | D:4      | XOM: blink monster(s)
  2936 | D:4      | Reached XP level 7. HP: 56/62 MP: 6/6
  3193 | D:4      | XOM: summons 1 hostile demon
  3201 | D:5      | XOM: scenery: create altars
  3216 | D:5      | Reached skill level 9 in Axes
  3279 | D:5      | XOM: stat loss: -1 Str (18/19)
  3336 | D:5      | XOM: silly message
  3474 | D:5      | Reached XP level 8. HP: 73/73 MP: 7/7
  3494 | D:5      | Reached skill level 10 in Axes
  3510 | D:5      | You fall into a shaft and drop 2 floors!
  3600 | D:7      | Noticed a two-headed ogre
  3642 | D:7      | XOM: silly message
  3650 | D:6      | Found Cygioj's Jewellery Shoppe.
  3740 | D:6      | XOM: divination: magic mapping
  3862 | D:6      | Found Nitefic's Armour Boutique.
  3923 | D:6      | Found Abedeg's Assorted Antiques.
  3931 | D:6      | Bought a scroll labelled UNOEDY IHOKHLAQ for 30 gold pieces
  3931 | D:6      | Bought a scroll labelled DESAUCKUAFO for 30 gold pieces
  3931 | D:6      | Bought a scroll of identify for 60 gold pieces
  3931 | D:6      | Bought a silvery potion for 27 gold pieces
  3946 | D:6      | Found Mydig's Distillery.
  3959 | D:6      | Bought a potion of lignification for 30 gold pieces
  4193 | D:6      | Found a staircase to the Ecumenical Temple.
  4231 | D:6      | Found a sand-covered staircase.
  4240 | Ossuary  | Entered an ossuary
  4258 | Ossuary  | XOM: fake destruction
  4306 | Ossuary  | XOM: cast spell 'Discord'
  4311 | Ossuary  | Reached skill level 11 in Axes
  4403 | Ossuary  | XOM: cloud trail
  4522 | Ossuary  | XOM: give mutations
  4522 | Ossuary  | Gained mutation: You have sharp toenails. [Xom's mischief]
  4522 | Ossuary  | Lost mutation: You have sharp toenails. [Xom's mischief]
  4522 | Ossuary  | Gained mutation: You occasionally lose the ability to drink
                  | potions when taking damage. [Xom's mischief]
  4767 | D:5      | Identified the +2 dagger "Hellblazer" {speed, ^Drain rPois
                  | rC+++ Str-2}
  5049 | D:6      | Noticed Grinder
  5056 | D:6      | XOM: chaos cloud
  5059 | D:6      | Killed Grinder
  5247 | D:6      | Noticed Edmund
  5385 | D:6      | XOM: summons 2 hostile shadow creatures
  5388 | D:6      | Killed Edmund
  5389 | D:6      | Reached XP level 9. HP: 26/81 MP: 4/8
  5624 | D:6      | Found Tevveloi's General Store.
  5628 | D:6      | Bought a potion of heal wounds for 50 gold pieces
  5628 | D:6      | Bought a potion of degeneration for 10 gold pieces
  5704 | D:6      | Found a glowing golden altar of the Shining One.
  5705 | D:6      | Found a snail-covered altar of Cheibriados.
  5706 | D:6      | Found an opulent altar of Gozag.
  5707 | D:6      | Found a shimmering altar of Xom.
  5805 | D:6      | Bought a +0 kite shield of positive energy for 102 gold
                  | pieces
  5827 | D:7      | Reached skill level 1 in Shields
  5972 | D:7      | Found a shimmering blue altar of Sif Muna.
  5978 | D:7      | Found a bloodstained altar of Trog.
  5995 | D:7      | XOM: summons 5 hostile demons
  6147 | D:7      | a swamp worm changed into a moth of wrath
  6147 | D:7      | Noticed a moth of wrath
  6147 | D:7      | XOM: polymorph swamp worm -> moth of wrath
  6155 | D:7      | Killed a moth of wrath
  6156 | D:7      | Reached skill level 5 in Shields
  6297 | D:7      | Found an ancient bone altar of Kikubaaqudgha.
  6297 | D:7      | Found a blossoming altar of Fedhas.
  6427 | D:7      | XOM: give mutations
  6427 | D:7      | Gained mutation: You are dopey. (Int -2) [Xom's mischief]
  6427 | D:7      | Gained mutation: You are clumsy. (Dex -2) [Xom's mischief]
  6441 | D:7      | XOM: summons 5 hostile demons
  6442 | D:7      | Noticed a soul eater
  6442 | D:7      | Noticed a rust devil
  6442 | D:7      | Noticed a soul eater
  6491 | D:7      | XOM: noise
  6545 | D:7      | XOM: stat loss: -1 Dex (6/7)
  6835 | D:7      | XOM: potion effect (brilliance)
  6844 | D:7      | Killed a two-headed ogre
  7353 | D:9      | Reached skill level 5 in Maces & Flails
  7395 | D:9      | Reached XP level 10. HP: 76/91 MP: 9/9
  7404 | D:9      | XOM: fake destruction
  7424 | D:9      | XOM: fog
  7426 | D:9      | XOM: summons friendly quasit
  7430 | D:9      | Paralysed by a hornet for 1 turns
  7431 | D:9      | XOM: cast spell 'Dispersal'
  7459 | D:9      | Found a transporter.
  7468 | D:9      | Noticed bakla's ghost (novice HuEE)
  7470 | D:9      | Found a transporter.
  7555 | D:9      | XOM: summons friendly white imp
  7577 | D:9      | XOM: potion effect (haste)
  7582 | D:9      | XOM: divination: detect items
  7630 | D:9      | Found a flagged portal.
  7639 | D:9      | Found a staircase to the Orcish Mines.
  7809 | Bailey   | Entered a bailey
  7863 | Bailey   | Noticed an orc knight
  7900 | Bailey   | XOM: noise
  7930 | Bailey   | Upgraded the game from 0.32-a0-86-g8db1b9f803 to
                  | 0.32-a0-120-gfac0567ad4
  7938 | Bailey   | XOM: 1-stop teleportation journey
  7949 | Bailey   | XOM: chaos upgrade
  7959 | Bailey   | Reached skill level 12 in Axes
  7966 | Bailey   | Killed an orc knight
  7974 | Bailey   | XOM: noise
  7977 | Bailey   | XOM: scenery: 1 doors close
  8082 | Bailey   | XOM: give mutations
  8082 | Bailey   | Gained mutation: You occasionally lose the ability to read
                  | scrolls when taking damage. [Xom's mischief]
  8082 | Bailey   | Gained mutation: Armour fits poorly on your strangely
                  | shaped body. [Xom's mischief]
  8082 | Bailey   | Lost mutation: You are clumsy. (Dex -2) [Xom's mischief]
  8229 | D:9      | Noticed an eight-headed hydra
  8262 | D:9      | XOM: confuse monster(s)
  8276 | D:9      | Reached skill level 13 in Axes
  8280 | D:9      | XOM: confusion
  8366 | D:6      | Bought the +11 flail of Vyorph {elec, rElec rPois rF+
                  | Int+3} for 952 gold pieces
  8487 | D:8      | XOM: scenery: create altars
  8514 | D:8      | XOM: enchant monster (good)
  8517 | D:8      | XOM: confuse monster(s)
  8606 | D:8      | Found Fummuaxe's Distillery.
  8614 | D:8      | Bought a potion of resistance for 100 gold pieces
  8614 | D:8      | Bought a potion of heal wounds for 50 gold pieces
  8700 | D:8      | XOM: god gift: 2 darts of dispersal
  8725 | D:8      | Found a sparkling altar of Nemelex Xobeh.
  8783 | D:8      | XOM: god gift: 5 stones
  9042 | D:8      | XOM: cast spell 'Cause Fear'
  9045 | D:8      | XOM: divine lightning
  9066 | D:8      | XOM: summons 7 friendly demons
  9199 | D:7      | XOM: divination: detect creatures
  9207 | D:8      | XOM: scenery: summon butterflies
  9254 | D:8      | XOM: give mutations
  9254 | D:8      | Gained mutation: You have sharp toenails. [Xom's mischief]
  9254 | D:8      | Gained mutation: You have a pair of large horns on your
                  | head. [Xom's mischief]
  9254 | D:8      | Gained mutation: You occasionally shout uncontrollably at
                  | your foes. [Xom's mischief]
  9280 | D:8      | Found a staircase to the Lair.
  9294 | D:8      | Reached skill level 5 in Armour
  9294 | D:8      | Reached XP level 11. HP: 85/97 MP: 10/10
  9454 | D:9      | Found a hide-covered altar of Uskayaw.
  9880 | D:9      | Noticed a tengu warrior
  9881 | D:9      | a tengu warrior changed into a shapeshifter
  9881 | D:9      | XOM: polymorph tengu warrior -> shapeshifter
  9908 | D:9      | Noticed a quicksilver ooze
  9925 | D:9      | HP: 2/97 [quicksilver ooze (shapeshifter) (8)]
  9926 | D:9      | Mangled by a quicksilver ooze (shapeshifter)

Illustrated notes

Levels and vault maps discovered:
D:1:      heliophobic_arrival_battle_scene, layout_basic
D:2:      layout_basic, uniq_terence
D:3:      layout_loops_corners, chequers_serial_rivers_micro_e
D:4:      layout_basic, gup_sewer_entry_spiral
D:5:      layout_basic
D:6:      layout_basic, mainiacjoe_overflow_alcove_3, temple_doors_ab,
          enter_ossuary_1, serial_shops, shop, nicolae_shop_just_a_little_nook,
          shop, nicolae_shop_dealshenge, nicolae_shop_peninsula, uniq_grinder,
          uniq_edmund
D:7:      layout_layer_cave, grunt_temple_overflow_growth_and_decay,
          hellmonk_overflow_destroyed_library, worms_lemuel
D:8:      layout_cave_pods, nemelex_xobeh_ov_fountains_minmay,
          david_lair_generic, serial_shops, shop,
          minmay_fractal_squares_diagonal_5
D:9:      layout_long_grid, overflow_temple_1_default, orc_0_dummy,
          enter_bailey_5, nzn_ghost_randoct, st_stairs_3,
          kb_lookout_dungeons_type

Skill      XL: |  1  2  3  4  5  6  7  8  9 10 |
---------------+-------------------------------+-----
Axes           | 4 5 6 8 9 11 13 | 13.2
Fighting       | 4 5 6 7 9 |  9.0
Shields        | 8 |  8.0
Maces & Flails | 5 8 |  8.6
Armour         | 5 |  5.2
Dodging        | 4 |  4.2

Action                     |  1- 3 |  4- 6 |  7- 9 | 10-12 || total
---------------------------+-------+-------+-------+-------++-------
  Melee: Hand axe          |    73 |   130 |   288 |   112 ||   603
         Headbutt          |    12 |    14 |    65 |    35 ||   126
         Punch             |     2 |     5 |     7 |       ||    14
         Flail             |       |       |       |    82 ||    82
         War axe           |       |       |       |    14 ||    14
   Fire: Sling             |       |       |       |    42 ||    42
  Throw: Boomerang         |     3 |     3 |     1 |     2 ||     9
         Dart              |       |       |     3 |     4 ||     7
    Use: Scroll            |     2 |       |    16 |     6 ||    24
         Potion            |       |       |     2 |     5 ||     7
   Stab: Paralysed         |       |       |     3 |     1 ||     4
         Confused          |       |       |       |     2 ||     2
         Held in net/web   |       |       |       |     1 ||     1
 Armour: Leather armour    |    38 |       |       |    81 ||   119
         Chain mail        |     8 |   100 |   157 |    67 ||   332
         Plate armour      |       |       |       |    27 ||    27
  Dodge: Dodged            |    31 |    47 |    89 |    56 ||   223
  Block: Kite shield       |       |       |    31 |   109 ||   140

Table legend: (Time is in decaauts)
 A = Elapsed time spent in this place.
 B = Non-inter-level travel time spent in this place.
 C = Inter-level travel time spent in this place.
 D = Time resting spent in this place.
 E = Time spent auto-exploring this place.
 F = Levels seen in this place.
 G = Mean time per level.
                   A        B        C        D        E       F      G
               +--------+--------+--------+--------+--------+-----+--------+
         Total |   9957 |   9437 |    520 |   1105 |   5123 |  12 |  829.8 |
       Dungeon |   8755 |   8235 |    520 |    762 |   4939 |   9 |  972.8 |
         Sewer |    483 |    483 |      0 |    173 |     35 |   1 |  483.0 |
       Ossuary |    281 |    281 |      0 |     90 |     98 |   1 |  281.0 |
        Bailey |    437 |    437 |      0 |     80 |     51 |   1 |  437.0 |
               +--------+--------+--------+--------+--------+-----+--------+

Top non-repeatable levels by time:
     D:6: 1696 daAuts
     D:7: 1640 daAuts
     D:9: 1057 daAuts
     D:8: 921 daAuts
     D:4: 845 daAuts
     D:3: 751 daAuts
     D:5: 650 daAuts
     D:2: 606 daAuts
     D:1: 584 daAuts
   Sewer: 483 daAuts
  Bailey: 437 daAuts
 Ossuary: 281 daAuts
